Map: Dusty Gorge

Players

FrAcTaL

  • Race: Terran Terran
  • Spawn Location: 11:00

JinSilver

  • Race: Zerg Zerg
  • Spawn Location: 9:00

OpuS

  • Race: Protoss Protoss
  • League: Diamond
  • Spawn Location: 3:00

Sketchaphone

  • Race: Zerg Zerg
  • League: Gold
  • Spawn Location: 5:00

VOD

Have the link to the VOD?

Description

Time

  • Played on: Jan. 20, 2019, 7:58 p.m.
  • Length: 9:32
Show
View Real Time Build Order
Export as new Build Order

FrAcTaL Terran 

Build Orders: Reaper Expand 

Get SALT Encoding   

  12  0:01  SCV  
  13  0:13  SCV  
  14  0:18  Supply Depot  
  14  0:25  SCV  
  15  0:40  SCV  
  15  0:42  Barracks  
  16  0:45  Refinery  
  16  0:52  SCV  
  17  1:04  SCV  
  18  1:16  SCV  
  19  1:28  Orbital Command  
  19  1:29  Reaper  
  20  1:45  Command Center  
  20  1:56  SCV  
  20  1:57  Barracks  
  21  2:07  Supply Depot  
  21  2:09  SCV  
  21  2:11  Barracks Reactor  
  22  2:21  SCV  
  23  2:33  SCV  
  24  2:43  Refinery  
  24  2:44  Factory  
  24  2:45  SCV  
  24  2:48  Marine x2  
  24  2:49  Barracks Tech Lab  
  27  3:00  Orbital Command, SCV  
  28  3:12  Stimpack, Marine x3  
  31  3:23  SCV  
  31  3:29  Starport  
  31  3:32  SCV  
  32  3:35  Marine x3, SCV  
  32  3:38  Factory Reactor  
  36  3:45  SCV  
  36  3:47  SCV  
  38  3:52  Supply Depot  
  38  3:59  Marine x3  
  41  4:06  SCV x2  
  43  4:17  Marine x3  
  43  4:18  SCV x2  
  48  4:33  Medivac x2  
  48  4:35  Marine x2  
  54  4:53  Supply Depot  
  54  4:55  Supply Depot  
  54  4:57  Marine, SCV x2  
  57  5:05  Engineering Bay  
  57  5:06  Engineering Bay  
  57  5:09  SCV x2  
  59  5:20  Refinery x2  
  59  5:26  Barracks x2  
  59  5:27  Barracks, Command Center  
  59  5:41  SCV x2  
  61  5:46  Factory Tech Lab, Medivac x2  
  61  5:47  Marine, Combat Shield  
  62  6:17  Barracks Reactor, Barracks Tech Lab  
  62  6:19  Medivac x2, Marine x3  
  67  6:46  SCV x2  
  66  6:58  SCV x2  
  66  7:00  Terran Infantry Weapons Level 1, Terran Infantry Armor Level 1  
  67  7:02  Armory  
  66  7:10  SCV  
  66  7:11  Orbital Command  
  66  7:13  Marine x4  
  66  7:14  Barracks Reactor  
  66  7:15  Concussive Shells  
  71  7:17  Marauder  
  73  7:24  SCV x2  
  72  7:36  SCV  
  73  7:38  Marine x2  
  73  7:39  Marine x2  
  73  7:40  Marauder x2  
  73  7:41  SCV x2  
  83  7:44  Medivac, Siege Tank  
  83  7:45  Medivac  
  83  7:48  SCV  
  91  7:57  SCV x2  
  92  7:58  Refinery  
  92  8:00  Refinery, Marine, SCV  
  92  8:02  Marine x2  
  92  8:03  Supply Depot  
  93  8:06  Supply Depot  
  93  8:08  Marine x3  
  93  8:09  SCV  
  97  8:16  Supply Depot x2  
  97  8:22  Marine, SCV x3  
  97  8:24  Marine x2  
  97  8:25  Marine  
  104  8:37  SCV x3  
  107  8:41  Supply Depot  
  107  8:42  Supply Depot  
  107  8:43  Marine  
  107  8:44  Marine x5  
  107  8:45  Marauder x2  
  107  8:46  Siege Tank  
  107  8:48  Medivac x2  
  124  8:49  SCV  
Show
View Real Time Build Order
Export as new Build Order

JinSilver Zerg 

Build Orders: Hatch First, Zergling Baneling 

Get SALT Encoding   

  12  0:01  Drone  
  13  0:19  Overlord, Drone  
  14  0:46  Hatchery  
  13  0:55  Drone  
  14  0:57  Extractor  
  13  1:08  Spawning Pool  
  13  1:10  Drone  
  13  1:15  Drone  
  14  1:23  Drone  
  14  1:25  Drone  
  16  1:32  Drone  
  17  1:55  Queen  
  17  1:58  Zergling x4  
  21  2:01  Metabolic Boost  
  21  2:05  Zergling x2  
  22  2:12  Drone  
  22  2:13  Drone  
  24  2:35  Spine Crawler  
  23  2:38  Drone  
  23  2:39  Drone x4  
  28  2:47  Overlord  
  26  3:22  Zergling x16  
  26  3:26  Baneling Nest  
  32  3:27  Extractor  
  32  3:31  Queen  
  33  3:34  Overlord  
  33  3:51  Drone  
  33  3:52  Drone x2  
  33  4:05  Zergling x4  
  33  4:06  Zergling x8  
  39  4:11  Baneling x4  
  39  4:13  Baneling  
  37  4:48  Baneling x4  
  37  4:49  Zergling x2  
  37  4:50  Zergling x12  
  37  4:51  Overlord x2  
  34  5:43  Zergling x2  
  34  5:44  Zergling x20  
  45  5:52  Lair  
  45  5:55  Drone, Extractor  
  42  6:16  Drone  
  42  6:17  Drone x3  
  44  6:20  Drone  
  44  6:21  Drone x6  
  44  6:25  Extractor  
  40  6:34  Drone x2  
  40  6:35  Drone  
  42  6:55  Zergling x10  
  46  7:03  Drone x2  
  46  7:05  Drone x3  
  51  7:15  Centrifical Hooks  
  51  7:18  Overlord x2  
  51  7:19  Drone  
  51  7:20  Drone  
  53  7:24  Zergling x2  
  54  7:31  Hatchery  
  53  7:38  Zergling x10  
  58  7:48  Zergling x6  
  58  7:49  Zergling x2  
  62  7:57  Infestation Pit  
  46  8:42  Infestor x2  
  46  8:43  Infestor x2  
  46  8:45  Zergling x14  
  46  8:46  Zergling x4  
  63  8:54  Hydralisk Den  
  62  8:58  Zergling x4  
  64  9:08  Baneling  
  64  9:09  Baneling x17  
  66  9:18  Drone  
  66  9:19  Drone x8  
Show
View Real Time Build Order
Export as new Build Order

OpuS Protoss 

Build Orders:  

Get SALT Encoding   

  12  0:01  Probe  
  13  0:13  Probe  
  14  0:19  Pylon  
  14  0:25  Probe  
  15  0:39  Gateway  
  15  0:40  Probe  
  15  0:48  Probe  
  16  0:52  Assimilator  
  17  1:00  Probe, Gateway  
  17  1:09  Probe  
  18  1:14  Pylon  
  19  1:26  Zealot  
  21  1:32  Cybernetics Core  
  21  1:40  Probe  
  22  1:52  Probe  
  23  1:57  Zealot  
  23  1:58  Zealot  
  27  2:04  Probe  
  27  2:07  Pylon  
  28  2:23  Warp Gate  
  28  2:25  Probe, Gateway  
  29  2:38  Probe  
  29  2:39  Zealot x2  
  33  2:55  Assimilator  
  32  2:59  Stalker  
  32  3:00  Stalker  
  34  3:45  Nexus  
  34  3:46  Probe  
  35  3:58  Probe  
  36  4:09  Pylon  
  36  4:10  Probe  
  37  4:24  Probe  
  38  4:36  Probe  
  39  4:48  Probe  
  39  4:52  Pylon  
  40  4:54  Adept x3  
  44  5:00  Probe  
  37  5:10  Probe  
  37  5:12  Probe  
  39  5:20  Adept x3  
  45  5:24  Probe  
  46  5:33  Robotics Facility  
  46  5:34  Shield Battery  
  46  5:36  Pylon  
  46  5:44  Zealot x2  
  50  5:55  Adept  
  48  6:10  Probe x2  
  50  6:14  Robotics Facility  
  50  6:22  Probe x2  
  44  6:34  Probe x2  
  38  6:40  Adept x3  
  44  6:49  Probe x2, Gateway  
  44  6:51  Gateway  
  46  7:01  Probe  
  47  7:05  Adept  
  47  7:06  Adept x2  
  53  7:12  Immortal  
  57  7:20  Probe x2  
  59  7:24  Assimilator  
  59  7:29  Assimilator  
  57  7:32  Probe  
  57  7:33  Probe  
  55  7:44  Probe  
  55  7:46  Adept x3  
  62  7:53  Pylon  
  62  7:55  Pylon  
  62  7:57  Pylon  
  62  7:59  Pylon  
  62  8:12  Pylon  
  62  8:14  Pylon  
  62  8:25  Immortal  
  60  8:32  Adept x4  
  60  8:33  Adept  
  73  8:49  Gateway  
  73  8:50  Gateway  
  33  9:22  Adept x2  
Show
View Real Time Build Order
Export as new Build Order

Sketchaphone Zerg 

Build Orders: Hatch First 

Get SALT Encoding   

  12  0:01  Drone  
  13  0:15  Overlord  
  13  0:22  Drone  
  13  0:28  Drone, Extractor  
  15  0:38  Drone  
  15  0:40  Drone  
  17  0:45  Extractor  
  17  0:49  Drone  
  17  1:02  Hatchery  
  17  1:03  Drone  
  17  1:18  Spawning Pool  
  16  1:28  Drone  
  17  1:33  Drone  
  17  1:38  Drone  
  19  1:48  Drone  
  19  1:53  Overlord  
  20  2:05  Queen  
  22  2:12  Zergling x2  
  22  2:13  Queen  
  25  2:16  Metabolic Boost  
  25  2:23  Zergling x4  
  27  2:30  Overlord  
  27  2:31  Zergling x2  
  28  2:41  Zergling x4  
  30  2:47  Overlord  
  30  2:50  Drone  
  31  2:57  Baneling Nest, Zergling x2  
  31  3:23  Drone  
  31  3:24  Zergling x2  
  31  3:25  Drone x2  
  35  3:29  Zergling x2  
  36  3:36  Zergling x2  
  37  3:43  Baneling  
  37  3:51  Overlord, Drone x2  
  37  3:52  Zergling x4  
  41  4:02  Baneling  
  41  4:03  Overlord, Zergling x2  
  42  4:20  Evolution Chamber  
  42  4:22  Overlord, Hatchery  
  42  4:23  Zergling x6  
  44  4:24  Drone  
  41  4:49  Zergling x4  
  41  4:52  Drone x2  
  45  4:53  Drone x2  
  45  4:54  Roach Warren, Drone  
  39  5:09  Baneling x3  
  39  5:12  Zerg Ground Armor Level 1  
  33  5:34  Roach x2  
  33  5:35  Roach x2  
  41  5:39  Overlord x2, Extractor  
  41  5:40  Zergling x2  
  41  5:42  Drone  
  42  5:48  Queen  
  45  5:50  Drone x2  
  46  5:59  Spine Crawler  
  46  6:00  Roach x2  
  46  6:01  Drone  
  48  6:15  Roach x2  
  48  6:16  Roach  
  48  6:25  Roach x3  
  51  6:33  Zergling x4  
  51  6:35  Drone x2  
  51  6:39  Roach  
  55  6:40  Roach x2  
  57  6:53  Drone x2  
  54  6:57  Drone x2  
  56  7:02  Drone  
  56  7:03  Drone  
  56  7:04  Overlord  
  58  7:10  Overlord  
  58  7:19  Queen  
  54  7:40  Drone x2  
  55  7:45  Drone x2  
  55  7:47  Spine Crawler  
  55  7:49  Queen, Drone  
  55  7:50  Spore Crawler, Drone  
  36  8:15  Roach x3  
  36  8:16  Roach  
  36  8:17  Zergling x2  
  43  8:26  Roach  
  45  8:30  Drone  
  46  8:50  Drone x3  
  49  8:58  Drone  
  50  9:04  Drone  
Tags
 
Add a new tag
Caveats
  • Supply blocks, unpowered buildings, or Contaminate may cause inaccurate times.
  • Supply counts are checked every 10 seconds.